Zazza, neutral female human Tourist ----- #....| |<...# #######....|# -.---# ## # # # ------------.- ### # |............-############## |............| #### | |............| .| |.......I....-# -.... |............| ...| -------------- ---- Zazza the Rambler Experience level: 1 Strength: 8 Dexterity: 10 Constitution: 17 Intelligence: 13 Wisdom: 8 Charisma: 18 Health: 0(12) Energy: 2(2) Def: 4 Gold: 129 Moves: 2052 Dungeon seed: bOPeyMzuUkXanETK Game ID: Zazza_1610653201 Your Inventory: Coins $ - 129 gold pieces Weapons a - 26 +2 darts E - a +1 orcish dagger G - a +0 silver saber (weapon in hand) I - a +0 katana Armor e - an uncursed +0 Hawaiian shirt q - a cursed +0 helmet y - an uncursed +0 alchemy smock (being worn) z - an uncursed +0 helmet B - an uncursed +0 pair of high boots (being worn) C - an uncursed +0 helm of telepathy (being worn) L - a blessed +3 helmet N - an uncursed +0 dwarvish cloak Y - an uncursed +0 dwarvish cloak Comestibles c - 4 uncursed food rations d - 2 uncursed slime molds f - 4 uncursed eggs g - an uncursed tripe ration h - an uncursed orange Scrolls H - an uncursed scroll of blank paper J - a cursed scroll of amnesia K - an uncursed scroll of scare monster Potions j - 2 uncursed potions of extra healing r - an uncursed potion of levitation Tools l - an expensive camera (0:57) m - an uncursed credit card Gems n - an uncursed obsidian stone Spells and supernatural/magical abilities: Name Level Category Fail Memory W - pray for help -- divine ? -- Your skills at the end: Fighting Skills Weapon Skills dart [Basic] Spellcasting Skills Final Attributes: You were nominally aligned. You were poison resistant. You were acid resistant. You were telepathic. You are dead. Vanquished creatures: a dwarf a homunculus an iguana a large kobold a green mold a jackal 2 foxes a kobold a goblin 4 grid bugs a bat 4 lichens a kobold zombie 8 newts 28 creatures vanquished. Voluntary challenges: You used a wielded weapon 1 time, starting on turn 1847. You read items or engraved 9 times, starting on turn 189. You never genocided any monsters. You never polymorphed an object. You never changed form. You used no wishes. You never split a pudding. You wrote Elbereth's name 1 time, starting on turn 1996. You never violated your personal moral code. Dungeon overview: The Dungeons of Doom: levels 1 to 5 Level 1 a fountain a long staircase Level 2 some fountains Level 3 an armor shop, an altar to Offler, some fountains Level 4 a fountain stairs to The Gnomish Mines Level 5 <- You were here The Gnomish Mines: Level 5 stairs to The Dungeons of Doom History has recorded: On T:1 you entered the Dungeons of Doom to retrieve the Amulet of Yendor! On T:263 you reached level 2 of The Dungeons of Doom. On T:595 you reached level 3 of The Dungeons of Doom. On T:1501 you reached level 4 of The Dungeons of Doom. On T:1845 you reached level 1 of The Gnomish Mines. On T:1877 you reached level 5 of The Dungeons of Doom. Score breakdown: Gold: 71 ( 6318 points) Experience: 1 level ( 0 points) Exploration: 5 levels ( 9.80%) ( 8485 points) Discoveries: 4 items ( 1.34%) ( 3475 points) Valuables value: (no points given unless you survive) Artifact value: 0 ( 0 points) Variety of kills: 14 monsters ( 3.67%) ( 5750 points) Turncount: 2052 turns ( -38 points) Survival: died (score multiplied by 80%) Total score: 19192 Latest messages: The door resists! The door opens. You displace Armand. The homunculus bites Armand. Armand is put to sleep by the homunculus. The homunculus bites Armand. You write in the dust with your fingers. Something is written here in the dust. You read: "Elbere4h". You see no objects here. You miss the homunculus. The homunculus misses. You miss the homunculus. The homunculus bites! You miss the homunculus. The homunculus bites! You miss the homunculus. The homunculus bites! You miss the homunculus. The homunculus bites! You are put to sleep! It bites! (2x) You die... Final status: Aloha Zazza the Tourist, killed by a homunculus, while sleeping... You died in The Dungeons of Doom on dungeon level 5 with 19192 points, and 129 pieces of gold, after 2052 moves. You were level 1 with a maximum of 12 hit points when you died.